 Dungeon Crawl Stone Soup version 0.30-a0-722-g3e6e8c874d (webtiles) character file.

Game seed: 4272958727986030351

1164 avis the Shooter (level 7, -1/59 HPs)
             Began as a Demigod Hunter on Jan 28, 2023.
             Killed from afar by Maggie (35 damage)
             ... with a bolt of fire
             ... on level 6 of the Dungeon.
             The game lasted 00:24:09 (4760 turns).

avis the Shooter (Demigod Hunter)                   Turns: 4760, Time: 00:24:09

Health: -1/59      AC:  3    Str: 18    XL:     7   Next: 96%
Magic:  9/9        EV: 16    Int: 11    God:
Gold:   247        SH:  0    Dex: 25    Spells: 6/6 levels left

rFire   . . .      SeeInvis .    b - +2 scimitar (elec)
rCold   . . .      Faith    .    (no shield)
rNeg    . . .      Spirit   .    c - +0 leather armour
rPois   .          Reflect  .    (no helmet)
rElec   .          Harm     .    (no cloak)
rCorr   .          Rampage  .    (no gloves)
Will    .....                    (no boots)
Stlth   +++                      (no amulet)
HPRegen 0.29/turn                j - +6 ring of strength
MPRegen 0.11/turn                (no ring)

@: mesmerised
A: high MP 1, forlorn, divine attributes
a: no special abilities


You were on level 6 of the Dungeon.
You visited 1 branch of the dungeon, and saw 6 of its levels.

You collected 247 gold pieces.

Inventory:

Hand Weapons
 a - a +1 sling of freezing
 b - a +2 scimitar of electrocution (weapon)
 n - a +2 hand axe of freezing
 u - a +0 shortbow
 B - a +1 spear of freezing
Missiles
 r - a throwing net
 t - 5 poisoned darts
Armour
 c - a +0 leather armour (worn)
Jewellery
 j - a +6 ring of strength (left hand)
 z - a ring of poison resistance
Wands
 q - a wand of flame (34)
Scrolls
 d - 8 scrolls of identify {unknown}
 e - a scroll of fog {unknown}
 g - a scroll of immolation
 h - a scroll of noise {unknown}
 k - 2 scrolls of poison {unknown}
 l - 4 scrolls of blinking {unknown}
 m - 2 scrolls of magic mapping {unknown}
 o - 2 scrolls of enchant weapon {unknown}
 s - 3 scrolls of teleportation {unknown}
 x - a scroll of fear {unknown}
 C - a scroll of amnesia {unknown}
Potions
 f - 3 potions of heal wounds
 i - 4 potions of curing {unknown}
 p - a potion of lignification {unknown}
 v - 2 potions of degeneration {unknown}
 w - a potion of ambrosia {unknown}
 A - a potion of brilliance {unknown}
Miscellaneous
 y - a piece from Xom's chessboard (15/15)


   Skills:
 - Level 4.0 Fighting
 * Level 1.2 Long Blades
 - Level 6.0 Ranged Weapons
 - Level 6.0 Dodging
 - Level 3.0 Stealth


You had 6 spell levels left.
You didn't know any spells.
Your spell library contained the following spells:

 Spells                   Type           Power      Damage    Failure   Level
 Hailstorm                Conj/Ice       0%         3d3       77%         3
 Ice Form                 Ice/Tmut       0%         N/A       99%         4
 Simulacrum               Ice/Necr       0%         N/A       100%        6


Dungeon Overview and Level Annotations

Branches:
Dungeon (6/15)
 Temple: D:4-7

Shops:
D:1 *   D:3 ?

Annotations:
D:6 Maggie


Innate Abilities, Weirdness & Mutations

You have an increased reservoir of magic. (+10% MP)
You shall have no god before yourself.
Your divine heritage dramatically boosts your attributes as you level up.


Message History

Fire: a) +1 sling (freeze)
Press: ? - help, Q - select action, (/) - cycle Shift-Dir - straight line, f/p - Maggie
Aim: Maggie, wielding a +1 war axe of flaming, wearing +0 acid dragon scales and carrying a wand of flame (16) (lightly wounded, mesmerising, 68% to hit)
You shoot a sling bullet. The sling bullet hits Maggie!
The sling bullet freezes Maggie.
Maggie is moderately wounded.
Your +1 sling of freezing stops glowing.
You hear the crackle of electricity.
b - a +2 scimitar of electrocution (weapon)
Maggie barely misses you.
You hit Maggie. Lightning courses through Maggie!
Maggie is severely wounded.
Maggie barely misses you.
You hit Maggie.
Maggie is severely wounded.
Maggie zaps a wand.
The puff of flame hits you! Maggie casts a spell at you.
The bolt of fire misses you.
You barely miss Maggie.
Maggie is severely wounded.
Maggie closely misses you.
You closely miss Maggie.
Maggie is severely wounded.
Maggie casts a spell at you. The bolt of fire hits you!!
* * * LOW HITPOINT WARNING * * *
You barely miss Maggie.
Maggie is severely wounded.
Maggie closely misses you. Maggie misses you.
You hit Maggie but do no damage.
Maggie is severely wounded.
Maggie misses you.
You slash Maggie!
Maggie is almost dead.
Maggie barely misses you.
It was a potion of heal wounds.
You feel much better. Maggie gestures at you while chanting.
The bolt of fire hits you!!
Ouch! That really hurt!
You die...

...................
.........>.........
...................
..................#
≈≈≈...............#
..≈...†............
#.≈................
#.≈................
#.≈......@.........
#$≈......@.........
#.≈................
..≈..............##
≈≈≈.....).......)..
...............#.##
.............##
...........##


You could see Maggie (mesmerising).

Vanquished Creatures
  Menkaure (D:5)
  A sky beast (D:6)
  An ice beast (D:6)
  An ogre (D:4)
  A centaur (D:5)
  A bullfrog (D:5)
  3 scorpions
  A howler monkey (D:5)
  2 hounds (D:4)
  2 orc priests
  A jelly (D:6)
  A gnoll bouda (D:5)
  An orc wizard (D:3)
  A mummy (D:5)
  4 gnolls (D:5)
  5 adders
  A shadow imp (D:5)
  A white imp (D:5)
  An ufetubus (D:5)
  2 worms (D:2)
  A dart slug (D:3)
  9 orcs
  4 ball pythons
  9 bats
  7 endoplasms
  4 giant cockroaches
  8 goblins
  8 hobgoblins
  3 jackals (D:3)
  6 quokkas
  2 frilled lizards
  5 kobolds
  5 rats
103 creatures vanquished.

Notes
Turn   | Place    | Note
-------+----------+-------------------------------------------
     0 | D:1      | avis the Demigod Hunter began the quest for the Orb.
     0 | D:1      | Reached XP level 1. HP: 17/17 MP: 3/3
    39 | D:1      | Reached skill level 1 in Stealth
   302 | D:1      | Reached XP level 2. HP: 24/24 MP: 4/4
   663 | D:1      | Found Uroff's Assorted Antiques.
   927 | D:2      | Reached XP level 3. HP: 19/29 MP: 5/5
  1916 | D:3      | Reached XP level 4. HP: 36/36 MP: 6/6
  2069 | D:3      | Found Vabucwaj's Magic Scroll Shop.
  2131 | D:3      | Reached XP level 5. HP: 39/45 MP: 7/7
  2226 | D:3      | Reached skill level 5 in Ranged Weapons
  2644 | D:4      | Reached XP level 6. HP: 41/51 MP: 8/8
  3344 | D:5      | Entered Level 5 of the Dungeon
  3582 | D:5      | Reached XP level 7. HP: 42/57 MP: 9/9
  3685 | D:5      | Noticed Menkaure
  3694 | D:5      | Killed Menkaure
  3695 | D:5      | Reached skill level 5 in Dodging
  4719 | D:6      | Reached skill level 1 in Long Blades
  4741 | D:6      | Noticed Maggie
  4760 | D:6      | Killed from afar by Maggie

Illustrated notes

Levels and vault maps discovered:
D:1:      enne_arrival_octagon_isle, layout_loops_corners, serial_shops,
          nicolae_shop_waterfront, minmay_misc_feat_doors,
          minmay_misc_feat_encased
D:2:      minmay_angry_zag, layout_loops_ring, ebering_ecumenical_altar_mist,
          minmay_misc_feat_five
D:3:      layout_rooms, serial_shops, shop
D:4:      layout_loops_corners, minmay_statues_item
D:5:      layout_loops_ring, slow_altar_2,
          chequers_temple_overflow_statue_of_worship, kennysheep_mini,
          hellmonk_bongcloud_opening, uniq_menkaure
D:6:      layout_basic, mainiacjoe_overflow_brackets,
          minmay_temple_entry_stoned_glass, nicolae_water_bricks, uniq_maggie

Skill      XL: |  1  2  3  4  5  6  7 |
---------------+----------------------+-----
Stealth        | 1 2 3 |  3.0
Fighting       | 2 3 4 |  4.0
Ranged Weapons | 4 5 6 |  6.0
Dodging        | 2 3 4 6 |  6.0
Long Blades    | 1 |  1.2

Action                     |  1- 3 |  4- 6 |  7- 9 || total
---------------------------+-------+-------+-------++-------
  Melee: Hand axe          |    25 |       |       ||    25
         Scimitar          |     8 |    38 |    32 ||    78
   Fire: Shortbow          |    63 |       |       ||    63
         Sling             |    19 |    68 |    60 ||   147
    Use: Potion            |       |       |     1 ||     1
 Armour: Leather armour    |     9 |     9 |     4 ||    22
  Dodge: Dodged            |    36 |    67 |    39 ||   142

Table legend: (Time is in decaauts)
 A = Elapsed time spent in this place.
 B = Non-inter-level travel time spent in this place.
 C = Inter-level travel time spent in this place.
 D = Time resting spent in this place.
 E = Time spent auto-exploring this place.
 F = Levels seen in this place.
 G = Mean time per level.
                   A        B        C        D        E       F      G
               +--------+--------+--------+--------+--------+-----+--------+
         Total |   4816 |   4287 |    529 |    599 |   2665 |   6 |  802.7 |
       Dungeon |   4816 |   4287 |    529 |    599 |   2665 |   6 |  802.7 |
               +--------+--------+--------+--------+--------+-----+--------+

Top non-repeatable levels by time:
     D:5: 1226 daAuts
     D:4: 1046 daAuts
     D:1: 982 daAuts
     D:2: 848 daAuts
     D:3: 601 daAuts
     D:6: 110 daAuts
